Unix NetHack Version 5.0.0-0 post-release - last build Jul 19 2026 19:10:59 (3aa4ab31751d3886436d94b585a96704892fd477,branch:main).

Game began 2026-07-23 22:41:50, ended 2026-07-23 23:14:51.

DeathOnAStick, neutral male human Tourist

                               ------
                               |....|               #
          ------               |....|             -------          --------
          |....|             ##......#            |.....|         [*..[.[.|
         #-....-#   ########## .....|#            |.....|       *##|[[[[.[|
         #------#  ##          |....|#############......-##     ###|[[[.[[|
         #    # ####           |....|#            ----.-- #       #|.[[[[.|
         #    ####             ---.--#              ###   ##      #--------
        ##    #####      #############          #####      #      #
        #       ##########      #    #          #          #      #
        #   ###[###             ##   #    -----.|-----     #      #
        #  #############@r################.^...^.....|     #      ###
  #     # ###   # ##        **.....#`##*##...........-#?## #        #
 -------# ###   #--|---  #####....|   ####-..........|   # #        #
 |....<|####    #|....|  #    |...|       ------------   # ##-------#
 |.....|# #     #|>...|#######....|                      ## #|....(.#
 |.%....###     #-)...|*##    |...|                       ###%.....-#
 |.....|         |.....#      -----                          |.....|
 ----.--         --.---                                      -------
     #             #                                              #
DeathOnAStick the Excursionist  St:9 Dx:10 Co:16 In:13 Wi:10 Ch:18  Neutral S:2155
Dlvl:5  $:1139 HP:0(55) Pw:20(20) AC:2  Xp:6/408 T:3174 

Latest messages:
 You kill the invisible leprechaun!
 You can see again.
 What do you want to call? [cghk-muxHIMOQ or ?*] u
 Call a wand called tele?: mkinv?
 $ - 947 gold pieces (1139 in total).
 b - 2 +2 darts (at the ready) (4 in total).
 You see here 4 +2 darts.
 b - 4 +2 darts (at the ready) (8 in total).
 There is nothing here to pick up.
 You see here a +2 dart.
 b - a +2 dart (at the ready) (9 in total).
 Please move the cursor to a monster, object or location.
 (For instructions type a '?')
 The dwarf thrusts his dagger.
 The dwarf hits!
 The dwarf thrusts his dagger.
 The dwarf hits!
 What do you want to wield? [- bU or ?*] a
 You don't have that object.
 What do you want to wield? [- bU or ?*] <esc>
 Never mind.
 In what direction? k
 The dart hits the dwarf.
 In what direction? k
 The dart hits the dwarf.
 The dwarf thrusts his dagger.
 The dwarf hits!
 In what direction? k
 The dart hits the dwarf!
 The dwarf thrusts his dagger.
 The dwarf hits!
 In what direction? k
 You kill the dwarf!
 There are several objects here.
 b - 4 +2 darts (at the ready) (9 in total).
 There is a dwarf corpse here; eat it? [ynq] (n) y
 This dwarf corpse is tough.
 You finish eating the dwarf corpse.
 The rabid rat misses!
 You hit the rabid rat.
 The rabid rat bites!
 You hit the rabid rat.
 The rabid rat bites!
 The rabid rat's bite was poisoned!
 You die...
 Do you want your possessions identified? [ynq] (y) y
 Do you want to see your attributes? [ynq] (y) y
 Do you want an account of creatures vanquished? [ynaq] (y) y
 Do you want to see your conduct and achievements? [ynq] (y) y
 Do you want to see the dungeon overview? [ynq] (y) y

Inventory:
 Coins    ('$')
  $ - 1139 gold pieces
 Amulets  ('"')
  g - a blessed amulet versus poison
 Weapons  (')')
  b - 9 +2 darts (at the ready)
  U - the +0 Grimtooth
 Armor    ('[')
  M - an uncursed +0 orcish helm (being worn)
  m - a blessed +2 pair of leather gloves (being worn)
  E - an uncursed +0 pair of iron shoes (being worn)
  w - an uncursed +0 leather armor (being worn)
 Comestibles  ('%')
  d - an uncursed randomfruit
  s - an uncursed candy bar labeled "Crispy Yum Yum"
  p - 6 uncursed food rations
 Scrolls  ('?')
  l - an uncursed scroll of amnesia (wielded)
  I - a blessed scroll of charging
  H - an uncursed scroll of fire
  f - an uncursed scroll of magic mapping
  c - an uncursed scroll of punishment
  O - an uncursed scroll of scare monster
 Potions  ('!')
  z - a blessed potion of extra healing
  e - 3 uncursed potions of extra healing
  P - a blessed potion of healing
 Rings    ('=')
  Q - an uncursed ring of cold resistance
 Wands    ('/')
  o - a wand of digging (0:4)
  u - a wand of make invisible (0:6)
 Tools    ('(')
  k - an uncursed tooled horn
  v - an expensive camera (0:80)
  x - an uncursed skeleton key
  h - an uncursed tin whistle

DeathOnAStick the Tourist's attributes:

Background:
 You were an Excursionist, a level 6 male human Tourist.
 You were neutral, on a mission for The Lady
 who was opposed by Blind Io (lawful) and Offler (chaotic).
 You were right-handed.
 You were in the Dungeons of Doom, on level 5.
 You entered the dungeon 3174 turns ago.
 It was nighttime.
 You had 408 experience points, 232 more were needed to attain level 7.
 Your score was 2155 before end-of-game adjustments.

Basics:
 You had 0 out of 55 hit points.
 You had all 20 energy points (spell power).
 Your armor class was 2.
 Your wallet contained 1139 zorkmids.
 Autopickup was off.

Final Characteristics:
 Your strength was 9 (peak:10, limit:18/100).
 Your dexterity was 10 (limit:18).
 Your constitution was 16 (limit:18).
 Your intelligence was 13 (limit:18).
 Your wisdom was 10 (limit:18).
 Your charisma was 18 (limit:18).

Final Status:
 You weren't hungry.
 You were unencumbered.
 You were wielding a scroll.

Final Attributes:
 You were piously aligned.
 You were telepathic.
 You were warded.
 You are dead.

Miscellaneous:
 You didn't encounter any bones levels.
 Total elapsed playing time was 32 minutes and 59 seconds.

Major events:
 Turn
    1: DeathOnAStick the neutral male human Tourist entered the dungeon
  741: attained the rank of Sightseer (level 3)
 1072: entered the Gnomish Mines
 1537: found Grimtooth on the floor
 1549: chose a runed dagger to be named "Sting"
 3037: attained the rank of Excursionist (level 6)
 3174: killed by a rabid rat

You didn't know any spells.

Skills:
 Fighting Skills
   bare handed combat [Unskilled]
   two weapon combat  [Unskilled]
   riding             [Unskilled]
 Weapon Skills
   dagger             [Basic]
   knife              [Unskilled]
   axe                [Unskilled]
   pick-axe           [Unskilled]
   short sword        [Unskilled]
   broadsword         [Unskilled]
   long sword         [Unskilled]
   two-handed sword   [Unskilled]
   saber              [Unskilled]
   mace               [Unskilled]
   morning star       [Unskilled]
   flail              [Unskilled]
   hammer             [Unskilled]
   quarterstaff       [Unskilled]
   polearms           [Unskilled]
   spear              [Unskilled]
   trident            [Unskilled]
   lance              [Unskilled]
   bow                [Unskilled]
   sling              [Unskilled]
   crossbow           [Unskilled]
   dart               [Basic]
   shuriken           [Unskilled]
   boomerang          [Unskilled]
   whip               [Unskilled]
   unicorn horn       [Unskilled]
 Spellcasting Skills
   divination spells  [Unskilled]
   enchantment spells [Unskilled]
   escape spells      [Unskilled]

Voluntary challenges:
 Character rerolling was not enabled.
 You never genocided any monsters.
 You never polymorphed an object.
 You never changed form.
 You used no wishes.
Achievements:
 You attained the rank of Sightseer.
 You entered a shop.
 You entered the Gnomish Mines.
 You attained the rank of Excursionist.

 The Dungeons of Doom: levels 1 to 6
    Level 1:
       A fountain.
    Level 2:
       Some fountains, many trees.
    Level 3:
       A general store, many fountains, a grave.
    Level 4:
       Stairs down to The Gnomish Mines.
    Level 5: <- You were here.
       An armor shop.
       Final resting place for
          you, killed by a rabid rat.
    Level 6:
       A weapon shop, a fountain, a sink.
 The Gnomish Mines:
    Level 5:


Vanquished creatures:
  a small mimic
  a leprechaun
  a dingo
  3 Uruk-hai
  2 rock piercers
  a rock mole
  a yellow light
  a shrieker
  a gnome leader
  a paper golem
  2 floating eyes
  a kitten
  2 dwarves
  a homunculus
  a rabid rat
  2 iguanas
  a gas spore
  2 hobbits
  2 hobgoblins
  3 giant rats
  a brown mold
  2 garter snakes
  2 gnome zombies
  4 geckos
  a jackal
  2 foxes
  2 goblins
  3 grid bugs
  5 lichens
  4 newts
56 creatures vanquished.

No species were genocided or became extinct.

Game over:
                       ----------
                      /          \
                     /    REST    \
                    /      IN      \
                   /     PEACE      \
                  /                  \
                  |  DeathOnAStick   |
                  |     1139 Au      |
                  |   killed by a    |
                  |    rabid rat     |
                  |                  |
                  |                  |
                  |       2026       |
                 *|     *  *  *      | *
        _________)/\\_//(\/(/\)/\//\/|_)_______

Aloha DeathOnAStick the Tourist...

You died in The Dungeons of Doom on dungeon level 5 with 2130 points,
and 1139 pieces of gold, after 3174 moves.
You were level 6 with a maximum of 55 hit points when you died.

